[Event "1st FIDE Olympiad DIS 2023"]
[Site "Belgrade"]
[Date "2023.01.31"]
[Round "2.1"]
[White "Bozinovic, Bogdan"]
[Black "Zaynidinov, Sirojiddin"]
[Result "1/2-1/2"]
[ECO "E49"]
[WhiteElo "2131"]
[BlackElo "2042"]
[Annotator "TA"]
[PlyCount "116"]
[EventDate "2023.01.30"]
[EventType "team-tourn"]
[EventCountry "SRB"]
[SourceTitle "playchess.com"]
[Source "ChessBase"]
[SourceQuality "1"]
[WhiteTeam "Croatia"]
[BlackTeam "Uzbekistan"]
[WhiteTeamCountry "CRO"]
[BlackTeamCountry "UZB"]
[TimeControl "40/5400+30:1800+30"]

1. d4 Nf6 2. c4 e6 3. Nc3 Bb4 4. f3 d5 5. a3 Bxc3+ 6. bxc3 c5 7. cxd5 exd5 8. e3 O-O 9. Bd3 Nc6 10. Ne2 Re8 11. O-O Be6 {[%emt 0:06:05] E49: Nimzo-Indian: Rubinstein: 5 Bd3 d5 6 a3 Bxc3+ 7 bxc3.} 12. Ng3 {[%emt 0:04:54] [#]} Nd7 $146 ({Predecessor:} 12... Rc8 13. Ra2 cxd4 14. cxd4 Na5 15. Re2 Nc4 16. Kh1 Qd6 17. e4 dxe4 18. fxe4 Qxd4 19. e5 {1-0 Przybylski,W (2321)-Juhasz,A (2369) Titled Tuesday intern op 24th Nov blitz 2020 (8)}) 13. Qc2 g6 {[%emt 0:02:49] White is slightly better.} 14. Qf2 f5 15. Bb2 (15. Rb1 $14) 15... c4 (15... Qf6 $11 {keeps the balance.}) 16. Bc2 $16 b5 17. Bc1 Rf8 18. Bd2 (18. Rb1 $16) 18... Rb8 ({Black should try} 18... Na5 $14) 19. Qe1 Qe7 20. Qc1 Nf6 (20... Qf7 $142) 21. Re1 (21. e4 $16) 21... Qf7 (21... a5 $14) 22. Rb1 (22. e4 $1 $16 ) 22... a5 {[%emt 0:01:37] [#]} 23. Rb2 (23. e4 $1 $16) 23... Rb7 (23... Qa7 $14) 24. Qb1 Rfb8 25. e4 fxe4 26. fxe4 (26. Bf4 {is more complex.} exf3 27. Bxb8 f2+ 28. Kxf2 Ne4+ 29. Kg1) 26... Nxe4 $2 (26... b4 $1 $14 27. axb4 axb4) 27. Bxe4 $18 dxe4 28. Rf1 Bf5 29. Bf4 (29. Nxe4 Qe7 30. Rxf5 gxf5 $11) 29... Re8 30. Rxb5 Nd8 31. Bh6 e3 32. Nxf5 e2 33. Re1 Rxb5 (33... gxf5 $142 34. Rxb7 (34. Qxf5 Qxf5 35. Rxf5 Nf7 $16) 34... Nxb7) 34. Qxb5 {[%emt 0:00:21] Black must now prevent Nd6.} gxf5 {[%emt 0:00:06] Black is weak on the dark squares} 35. Bf4 ({Don't play} 35. Qxa5 $6 Qe6 36. Bd2 Nf7 $16) 35... Re4 36. Qb8 (36. Qxa5 $18 Ne6 37. Be5) 36... Qe8 (36... Re8 $16) 37. Be5 Qd7 38. Kf2 Kf7 39. Qc7 {[%emt 0:02:32] Against Nc6} (39. Rxe2 $18 {and White stays clearly on top.} Nc6 40. Qh8 Rxe2+ 41. Kxe2) 39... Qxc7 $16 40. Bxc7 {[%emt 0:00:10][%mdl 4096] Endgame KRB-KRN} Ne6 41. Be5 ({Better is} 41. Bxa5 $16 {Strongly threatening g3.} Nf4 42. Kf3) 41... Nc5 $1 $11 {[%emt 0:04:34][%mdl 64] ( -> ...Nd3+). Deflection} 42. dxc5 Rxe5 {[%emt 0:00:09] KR-KR} 43. c6 (43. Rxe2 {simplifies} Rxc5 44. Rd2 Rb5 45. Ke3) 43... Ke6 ({Don't do} 43... Rc5 44. Rxe2 Kf6 45. Ke3 $14) 44. Rxe2 Rxe2+ 45. Kxe2 {[%emt 0:00:00] KP-KP} Kd6 46. Ke3 Kxc6 47. a4 {[%emt 0:00:00] Kf4 would be deadly.} (47. Kd4 $5 Kb5 $8 48. h3 $11) 47... Kd5 48. Kf4 Ke6 49. g3 Kf6 50. h3 Ke6 51. g4 fxg4 52. hxg4 {[%emt 0:00:00] K3P-K3P} Kf6 53. g5+ Kg6 54. Kg4 Kf7 55. Kf5 Kg7 56. Kf4 Kg6 57. Kg4 Kg7 $2 {[%emt 0:00:02][%mdl 8192] [#]} (57... Kf7 $11) 58. Kh5 $1 $18 Kf7 {[%emt 0:00:01][%mdl 32768] Weighted Error Value: White=0.27 (precise) /Black=0.37. An unexpected result.} 1/2-1/2

[Event "1st FIDE Olympiad DIS 2023"]
[Site "Belgrade"]
[Date "2023.01.31"]
[Round "2.2"]
[White "Molenda, Marcin"]
[Black "Sargissyan, Sargis"]
[Result "1-0"]
[ECO "D97"]
[WhiteElo "2381"]
[BlackElo "2221"]
[Annotator "TA"]
[PlyCount "91"]
[EventDate "2023.01.30"]
[EventType "team-tourn"]
[EventCountry "SRB"]
[SourceTitle "playchess.com"]
[Source "ChessBase"]
[SourceQuality "1"]
[WhiteTeam "Poland"]
[BlackTeam "Armenia"]
[WhiteTeamCountry "POL"]
[BlackTeamCountry "ARM"]
[TimeControl "40/5400+30:1800+30"]

1. d4 Nf6 2. c4 g6 3. Nc3 d5 4. Nf3 Bg7 5. Qb3 dxc4 6. Qxc4 O-O 7. e4 a6 8. Be2 b5 9. Qb3 c5 10. dxc5 Be6 11. Qc2 {[%emt 0:00:55] D97: Grünfeld: Russian System: 7 e4, replies other than 7...Bg4.} Nbd7 12. Be3 {[%emt 0:00:38] And now Rd1 would win.} Qc7 {[%emt 0:13:06] [#]} 13. Ng5 $146 (13. Rc1 $14 {feels stronger.}) ({Predecessor:} 13. b4 Nxe4 14. Bd4 Nxc3 15. Qxc3 Bxd4 16. Nxd4 Bd5 17. O-O e5 18. Nf3 Qc6 19. Rfd1 {½-½ Scott,P (2287)-Wakeham,M (2051) WLS/MT/FLEW ICCF email 2019}) 13... Nxc5 $11 14. O-O h6 (14... Ng4 $2 15. Bxg4 Bxc3 16. Nxe6 Nxe6 17. bxc3 $18) 15. Nxe6 Nxe6 16. Rac1 b4 17. Na4 Qxc2 18. Rxc2 Nxe4 19. Bf3 {[%emt 0:09:07] A strong pair of Bishops.} f5 20. Rc4 a5 21. Bxe4 fxe4 22. Rxe4 Nc7 23. Rxe7 Nd5 24. Rd7 Nxe3 25. fxe3 Rac8 26. Rxf8+ Kxf8 $16 {[%emt 0:00:12][%mdl 4096] Endgame [#] KRB-KRN} 27. Rd2 $1 {[%emt 0:01:50] White is more active.} Rc6 28. Kf2 Ke7 29. Kf3 Ke6 30. Ke4 h5 31. b3 Ke7 32. Re2 Ke6 33. h3 Bf6 34. Kd3 Kd5 {[%emt 0:03:16] [#]} ({Better is} 34... Rd6+ $14 35. Ke4 Rc6) 35. Rc2 $1 Bc3 $2 {[%emt 0:00:33] Black cannot hold the game after this.} (35... Rxc2 $16 {was worth a try.} 36. Kxc2 Ke4) 36. Nxc3+ bxc3 37. Rxc3 $18 {[%emt 0:00:05] KR-KR} Rf6 38. e4+ Kd6 39. Ke3 Rf1 40. Rd3+ Ke6 41. Rd5 a4 $2 (41... Re1+ 42. Kf3 a4 43. bxa4 Rf1+ 44. Ke3 Rg1) 42. bxa4 {[%emt 0:00:25] White is clearly winning.} Ra1 43. Rd2 Rb1 44. a5 Rb4 (44... Rb5 $142 45. Rd5 (45. a6 Ra5 $18) 45... Rb2) 45. Rd4 Rb2 46. Ra4 {[%emt 0:00:11] Weighted Error Value: White=0.05 (flawless) /Black=0.29 (precise)} 1-0

[Event "1st FIDE Olympiad DIS 2023"]
[Site "Belgrade"]
[Date "2023.01.31"]
[Round "2.2"]
[White "Mamarajabov, Sardorbek"]
[Black "Glazar, Domagoj"]
[Result "1-0"]
[ECO "B28"]
[WhiteElo "1712"]
[BlackElo "2119"]
[Annotator "TA"]
[PlyCount "61"]
[EventDate "2023.01.30"]
[EventType "team-tourn"]
[EventCountry "SRB"]
[SourceTitle "playchess.com"]
[Source "ChessBase"]
[SourceQuality "1"]
[WhiteTeam "Uzbekistan"]
[BlackTeam "Croatia"]
[WhiteTeamCountry "UZB"]
[BlackTeamCountry "CRO"]
[TimeControl "40/5400+30:1800+30"]

1. e4 c5 2. Nf3 a6 3. d4 cxd4 4. Nxd4 e5 5. Nf3 Nf6 6. Bg5 {[%emt 0:16:20] B28: Sicilian: 2 Nf3 a6 (O'Kelly Variation).} (6. Nxe5 $2 Qa5+ 7. Nd2 Qxe5 $19) 6... Qb6 7. Bxf6 gxf6 (7... Qxf6 $11 8. a3 d6) 8. Bc4 {[%emt 0:10:08] [#] White is better.} Qb4+ $146 (8... Qxb2 $14 9. Nbd2 Nc6) ({Predecessor:} 8... Qxb2 9. Nbd2 b5 10. Rb1 Qa3 11. Bd5 Nc6 12. O-O Rb8 13. Nh4 Ne7 14. Nc4 Qc5 {½-½ Marcsingo,J (1985)-Reiter,L (1969) HUN-chT2 Asztalos 0708 2007 (6)}) 9. Nbd2 $16 {[%emt 0:00:21] White is more active.} Qxb2 10. O-O Nc6 11. a4 Be7 12. Bb3 {[%emt 0:01:24] Hoping for Nc4.} Na5 13. Nc4 Nxc4 14. Bxc4 ({White should try} 14. Qd3 d5 15. Rfb1 dxe4 16. Qxc4) 14... O-O $2 {[%emt 0:00:57] This costs Black the game.} (14... Qc3 $16 15. Bd5 Rb8) 15. Nh4 d6 (15... d5 $142 16. Bxd5 Qd4) 16. Bd5 $18 {[%emt 0:05:37] And now Rb1 would win.} Rb8 $2 (16... f5) 17. Rb1 {[%emt 0:00:13] White is clearly winning.} Qa3 18. Rb3 Qxa4 19. Qh5 Kh8 20. Bxf7 {[%emt 0:02:17] Intending Ng6+ and mate.} Bg4 21. Ng6+ (21. Qxg4 Rxf7 22. Rg3 (22. Nf5 Rg8 $16) 22... Qe8 $18) 21... Kg7 22. Qxg4 f5 23. Qh5 {[%emt 0:01:25][%cal Ob3g3] Threatening mate with Rg3!} (23. Nxe7+ $2 fxg4 24. Bd5 Qd4 $19) (23. Qxf5 Rxf7 24. Nxe7 Rxf5 25. Nxf5+ Kh8 26. Nxd6 Rf8 $17) 23... Rxf7 24. Nxe7 {[%emt 0:00:30][%mdl 64] [#] Remove Defender} Rxe7 25. Qg5+ ({Not} 25. Qxf5 Kh8 $16) 25... Kf8 26. Qf6+ Ke8 27. Qh8+ {[%emt 0:00:08][%mdl 64] Skewer} ({Less strong is} 27. Qxf5 Qd7 $16) 27... Kf7 28. Qxb8 Qxe4 29. Qxd6 {[%emt 0:02:40] Rb6 is the strong threat.} Qxc2 {[%emt 0:00:37] [#]} 30. Rxb7 $3 Rxb7 31. Qd5+ {[%emt 0:00:04] A cool game by Mamarajabov.   Weighted Error Value: White=0.36/Black=0.78} ({Worse is} 31. Qxe5 Rb1 $11) 1-0

[Event "1st FIDE Olympiad DIS 2023"]
[Site "Belgrade"]
[Date "2023.01.31"]
[Round "2.3"]
[White "Campos, Eugenio"]
[Black "Piekielny, Pawel"]
[Result "1-0"]
[ECO "E41"]
[WhiteElo "2227"]
[BlackElo "2230"]
[Annotator "TA"]
[PlyCount "89"]
[EventDate "2023.01.30"]
[EventType "team-tourn"]
[EventCountry "SRB"]
[SourceTitle "playchess.com"]
[Source "ChessBase"]
[SourceQuality "1"]
[WhiteTeam "Angola"]
[BlackTeam "Poland"]
[WhiteTeamCountry "ANG"]
[BlackTeamCountry "POL"]
[TimeControl "40/5400+30:1800+30"]

1. d4 e6 2. c4 Nf6 3. Nc3 Bb4 4. e3 c5 5. Bd3 Nc6 6. Nge2 Bxc3+ 7. bxc3 d6 8. O-O e5 9. d5 Ne7 10. Ng3 O-O 11. f4 {[%emt 0:04:19] E41: Nimzo-Indian: Rubinstein: 4...c5 5 Bd3, including Hübner Variation.} exf4 {[%emt 0:21:37] [#]} 12. Rxf4 $146 {[%emt 0:05:48] [#]} (12. exf4 $14 b5 13. cxb5) ({Predecessor:} 12. exf4 Ng6 13. f5 Ne5 14. Bg5 h6 15. Bh4 g5 16. fxg6 fxg6 17. Qd2 Nxd3 18. Qxh6 Ne5 19. Rxf6 Rxf6 {1-0 Peralta,F (2580)-Tomazini,Z (2439) Gibraltar Masters 17th 2019 (2)}) 12... Ng6 $1 $17 13. Bxg6 {[%emt 0:06:00] Black is better.} hxg6 14. Qe2 b6 15. h4 Ba6 {[%emt 0:06:54] ...Nxd5 is the strong threat.} 16. e4 Nd7 17. Nf1 Ne5 18. Ne3 Qd7 19. a4 Rae8 20. a5 b5 21. h5 {[%emt 0:06:13] [#]} g5 $1 ({Much weaker is} 21... Nxc4 $6 22. Nxc4 bxc4 23. hxg6 fxg6 24. Rxf8+ Rxf8 25. Bg5 $11) 22. Rf5 ({Better is} 22. Rf2) 22... f6 ({Inferior is} 22... Nxc4 23. Rxg5 f6 24. Rg6 Rxe4 25. Qf3 Rxe3 26. Bxe3 $11) 23. Rf2 Nxc4 24. Nf5 Re5 25. Qg4 $2 (25. h6 $17 {keeps fighting.} g6 26. Ng7) 25... Qe8 $2 (25... Bc8 $19 {Hoping for ...Qe8.} 26. Qf3 Qe8) 26. Bxg5 $1 $15 Rxe4 $2 (26... fxg5 $15 {stays ahead.} 27. Qxg5 Rfxf5 28. Rxf5 Rxf5 29. Qxf5 Bc8) 27. Bf4 $18 Rf7 28. Nh6+ Kh8 29. Nxf7+ Qxf7 30. Qf5 (30. Qf3 $16 Qe7 31. Rb1) 30... Qe7 (30... Qe8 $14) 31. h6 {[%emt 0:02:16] Black must now prevent hxg7+.} g5 32. Bg3 {[%emt 0:00:32] And now Qg6 would win.} Re3 33. Bh2 Re1+ $2 (33... b4 34. Qxf6+ Qxf6 35. Rxf6 b3) 34. Rxe1 Qxe1+ 35. Rf1 Qxc3 36. Qg6 Qe3+ 37. Kh1 Qe7 38. Bg3 ({Worse is} 38. Rxf6 Qe1+ 39. Bg1 Qh4+ 40. Bh2 Qe1+ 41. Bg1 Qh4+ 42. Bh2 Qe1+ $11) 38... Bb7 39. Rxf6 Bxd5 40. Qxg5 (40. Qf5 $142 Bg8 41. Rf8 {[%mdl 64] Remove Defender}) 40... Ne3 41. Bxd6 {[%emt 0:32:17] White mates.} Qd7 42. Qxe3 Qg4 43. Rf8+ (43. Bxc5 $2 Qxg2#) 43... Kh7 44. Qe7+ (44. Qxc5 $2 Qxg2#) 44... Kxh6 45. Qf6+ {[%emt 0:00:00] An entertaining game by Campos.   Weighted Error Value: White=0.28 (precise) /Black=0.67} 1-0

[Event "1st FIDE Olympiad DIS 2023"]
[Site "Belgrade"]
[Date "2023.01.31"]
[Round "2.3"]
[White "Nestorovic, Vladimir"]
[Black "Shayusupov, Marsel"]
[Result "1/2-1/2"]
[ECO "E05"]
[WhiteElo "2171"]
[BlackElo "1580"]
[Annotator "TA"]
[PlyCount "96"]
[EventDate "2023.01.30"]
[EventType "team-tourn"]
[EventCountry "SRB"]
[SourceTitle "playchess.com"]
[Source "ChessBase"]
[SourceQuality "1"]
[WhiteTeam "Croatia"]
[BlackTeam "Uzbekistan"]
[WhiteTeamCountry "CRO"]
[BlackTeamCountry "UZB"]
[TimeControl "40/5400+30:1800+30"]

1. d4 Nf6 2. Nf3 e6 3. g3 d5 4. Bg2 Be7 5. O-O O-O 6. c4 dxc4 7. Qc2 a6 8. Qxc4 b5 9. Qc2 Bb7 10. Rd1 Be4 {[%emt 0:04:08] E05: Open Catalan: 5 Nf3 Be7.} 11. Qd2 b4 12. Ne5 Bxg2 $1 {[%emt 0:01:11] Black has an edge.} 13. Kxg2 Qd5+ {[%emt 0:01:16] [#]} 14. f3 $146 ({Predecessor:} 14. Kg1 c5 15. Nf3 Nc6 16. dxc5 Qxc5 17. Qe1 Rfd8 18. Be3 Qh5 19. Nbd2 Nd5 20. Nf1 {0-1 Braun,J-Filatov,L (2355) North American op 1995 (1)}) 14... c5 (14... Nbd7 $5 ) 15. e4 Qxd4 16. Qxd4 cxd4 17. Rxd4 Rc8 18. Nd2 Nc6 19. Nxc6 Rxc6 20. Rc4 Rxc4 21. Nxc4 Rc8 22. b3 Nd7 (22... Ne8 $1 $11) 23. Be3 $14 Bf6 24. Rd1 (24. Rc1 $1 $14) 24... Ne5 $11 25. Nxe5 Bxe5 {[%emt 0:00:02][%mdl 4096] Endgame KRB-KRB} 26. Kf2 h5 (26... Kf8 $11) 27. Ke2 Bb2 28. h3 Rc6 29. g4 hxg4 30. hxg4 e5 (30... Kf8 $11) 31. Rd5 $16 Kh7 32. Rc5 Rd6 33. Bd2 Rd4 $2 (33... Rb6 $16) 34. Rc4 (34. Rxe5 $2 Rxd2+ 35. Kxd2 Bxe5 $19) 34... Rxc4 $2 (34... Rd8 35. Bxb4 (35. Rxb4 Bd4 $16) 35... f6) 35. bxc4 $18 {[%emt 0:00:12][%cal Oc4c5] [#] Strongly threatening c5! KB-KB} a5 (35... Kg6 $142 36. c5 (36. Bxb4 Kf6 $16) 36... Kf6 37. Bxb4 Ke6) 36. c5 {[%emt 0:00:03] Threatens to win with c6.} Bd4 37. Be3 $2 (37. c6 $18 Bb6 38. Kd3) 37... a4 $1 $14 38. c6 {[%emt 0:05:42] Threatening mate with Bxd4.} b3 39. axb3 a3 40. c7 {[%emt 0:00:43] [#] Bxd4 would kill now.} ({Resist} 40. Bxd4 exd4 41. c7 a2 $16) 40... a2 41. Bxd4 (41. c8=B $2 {loses.} a1=Q 42. Bxd4 exd4 $19) 41... exd4 42. c8=Q {[%emt 0:00:22] White wants to mate with Qa6.} (42. c8=B a1=Q 43. e5 Qb2+ 44. Kd3 Qxb3+ 45. Kxd4 Qb6+ 46. Kd5 Qd8+ 47. Kc5 Qxc8+ 48. Kd4 Qd7+ 49. Kc3 Qd5 50. f4 Qf3+ 51. Kd4 Qxf4+ 52. Kd3 Qxg4 53. Ke3 Qd1 54. Kf2 Kg6 55. Ke3 Kf5 56. e6 fxe6 57. Kf2 Kf4 58. Kg2 Qd2+ 59. Kg1 Kf3 60. Kh1 Qg2#) 42... a1=Q $11 {[%emt 0:00:09] Inhibits Qa6. KQ-KQ} 43. Qf5+ Kg8 44. Qc8+ Kh7 45. Qc2 Qg1 46. Qd3 {[%emt 0:00:07] Repels Qe3+} Qa1 (46... Qg2+ $11 47. Kd1 Qh1+ 48. Kc2 Qg2+ 49. Qd2 Qxf3) 47. e5+ $14 g6 48. f4 ({White should try} 48. Qd2 $14) 48... Qg1 $1 {[%emt 0:00:06] Weighted Error Value: White=0.32/Black=0.21 (precise)} 1/2-1/2

[Event "1st FIDE Olympiad DIS 2023"]
[Site "Belgrade"]
[Date "2023.01.31"]
[Round "2.4"]
[White "Stachanczyk, Jacek"]
[Black "Andriienko, Artom"]
[Result "1-0"]
[ECO "B43"]
[WhiteElo "2189"]
[BlackElo "1693"]
[Annotator "TA"]
[PlyCount "26"]
[EventDate "2023.01.30"]
[EventType "team-tourn"]
[EventCountry "SRB"]
[SourceTitle "playchess.com"]
[Source "ChessBase"]
[SourceQuality "1"]
[WhiteTeam "Poland"]
[BlackTeam "Ukraine"]
[WhiteTeamCountry "POL"]
[BlackTeamCountry "UKR"]
[TimeControl "40/5400+30:1800+30"]

1. e4 c5 2. Nf3 e6 3. Nc3 a6 4. d4 cxd4 5. Nxd4 Qc7 6. Qf3 {[%emt 0:01:21] B43: Sicilian: Kan Variation: 5 Nc3.} Nc6 7. Nxc6 Qxc6 8. Qg3 {[%emt 0:02:13] White is slightly better.} Nf6 9. Bd3 d6 10. O-O b5 11. Re1 Bb7 (11... Rb8 $14 {should be considered.}) 12. a4 $16 {[%emt 0:05:24] White is more active.} b4 {[%emt 0:09:13] [#]} 13. Nd5 {[%emt 0:00:38][%mdl 512] [#]} Bc8 $146 {[%emt 0:00:00] Black did not feel at home in the position after the opening.   Weighted Error Value: White=0.02 (flawless) /Black=0.19 (very precise)} (13... exd5 $2 14. exd5+ {[%mdl 64] Discovered Attack} Kd7 15. dxc6+ $18) (13... Nd7 14. Nxb4) ({Predecessor:} 13... e5 14. Nxb4 Qc7 15. a5 h5 16. h3 h4 17. Qf3 Be7 18. c4 Nh5 19. Nd5 Bxd5 20. cxd5 g5 21. b4 Qc3 22. Bb5+ {1-0 Kecic,S (2235)-Kodela,M (2025) Ljubljana op 9th 1998 (7)}) 1-0

[Event "1st FIDE Olympiad DIS 2023"]
[Site "Belgrade"]
[Date "2023.01.31"]
[Round "2.4"]
[White "Kimsanboyev, Axadxon"]
[Black "Cajzler, Hinko"]
[Result "1-0"]
[ECO "A65"]
[WhiteElo "1600"]
[BlackElo "2060"]
[Annotator "TA"]
[PlyCount "95"]
[EventDate "2023.01.30"]
[EventType "team-tourn"]
[EventCountry "SRB"]
[SourceTitle "playchess.com"]
[Source "ChessBase"]
[SourceQuality "1"]
[WhiteTeam "Uzbekistan"]
[BlackTeam "Croatia"]
[WhiteTeamCountry "UZB"]
[BlackTeamCountry "CRO"]
[TimeControl "40/5400+30:1800+30"]

1. d4 Nf6 2. c4 c5 3. d5 e6 4. Nc3 exd5 5. cxd5 d6 6. e4 g6 7. f3 Bg7 8. Nge2 $1 {[%emt 0:00:08][%cal Bg1e2,Be2g3,Bg3h1][%mdl 4] outshines the older 8.Bg5. A65: Modern Benoni: 6 e4.} a6 9. a4 {[%emt 0:00:07] [#]} b6 $146 ({Predecessor:} 9... Nbd7 10. Ng3 h5 11. Be2 h4 12. Nf1 Rb8 13. Ne3 Nh5 14. a5 Ne5 15. O-O Nf4 {1-0 Duda,J (2731)-Giri,A (2764) Julius Baer GenCup Prelim rapid 2022 (5)}) 10. Ng3 {[%emt 0:00:16] White is slightly better.} Nbd7 11. Be2 h5 12. O-O {[%emt 0:00:51] White is more active.} (12. Bg5 $14) 12... h4 $11 13. Nh1 Nh5 $1 14. Be3 {[%emt 0:01:54] Prevents Bd4} g5 $1 15. g3 $2 (15. Nf2 $11) 15... hxg3 $1 $19 16. hxg3 Ne5 (16... Be5 $19 {has better winning chances. White must now prevent ...g4.} 17. Qd2 Bxg3 18. Bxg5 Rg8 19. Bxd8 Bf4+ {[%mdl 64] Discovered Attack} 20. Kf2 Bxd2) 17. Rf2 (17. Kf2 $17 {was necessary.}) 17... Ng6 (17... Nf4 $1 $19 {[%cal Od8f6] Threatens to win with ...Qf6!} 18. Rh2 (18. gxf4 $2 gxf4 19. Bxf4 Qh4 $19) 18... Rxh2 19. Kxh2 Qf6) 18. Qd2 (18. Rh2 $142) 18... Bf6 (18... Nhf4 $1 $17 {And now ...Nh3+ would win.} 19. Rh2 (19. gxf4 $2 gxf4 20. Bxf4 Nxf4 $19) 19... Nh3+ 20. Kf1 Be5) 19. Rh2 $11 Qe7 20. Rf1 Bd7 (20... Qf8 $5) 21. Kg2 $2 {[%emt 0:19:03][%mdl 8192] [#]} (21. Rff2 $14) 21... Nhf4+ $1 $19 22. gxf4 $2 (22. Kg1 Rxh2 23. Kxh2) 22... Rxh2+ 23. Kxh2 gxf4 24. Bf2 Qf8 25. Rb1 (25. Kg1 Qg7 26. Ng3 fxg3 27. Bxg3 Bd4+ 28. Rf2 Nh4 $19) (25. e5 $142 Bxe5 26. Re1 (26. Kg1 $2 Qg7 $19) 26... Qh8+ 27. Kg1) 25... Qh6+ 26. Kg1 Qg5+ 27. Kf1 Bh3+ $2 (27... Qh5 $19 28. Bd1 (28. Kg1 $2 Ke7 $19) 28... Qxh1+ 29. Ke2 Bg4) 28. Ke1 $15 Qg2 (28... Bg2 {simplifies} 29. Ng3 fxg3 30. Qxg5 gxf2+ 31. Kxf2 Bxg5 32. Kxg2 Be3) 29. Kd1 $1 Qxh1+ 30. Kc2 Qh2 {[%emt 0:00:35] ...Ke7 is the strong threat.} 31. Bxc5 $1 {[%emt 0:01:00][%cal Oe2b5][%mdl 64] Double Attack} Kf8 (31... Ke7 $14 32. Bg1 (32. Bxb6 Ne5 $16) 32... Qg3) 32. Bxb6 ({White should try} 32. Bxd6+ $18 Kg8 33. Kb3) 32... Bd7 33. Bd4 $2 (33. a5 $16) 33... Ne5 $2 (33... Bxa4+ $1 $15 {stays ahead.} 34. b3 (34. Nxa4 Bxd4 35. Re1 Ne5 $15) 34... Bxd4 35. Qxd4 Bb5) 34. Rd1 Ke7 35. Kb1 Qh6 36. a5 Qh2 37. Rf1 Ng6 38. Bxf6+ Kxf6 39. Qd4+ Ne5 $2 (39... Ke7 $16 40. Qb6 Qh8 41. Bxa6 Qd8) 40. Qb6 $1 $18 Ke7 41. Bxa6 Qh8 42. Be2 Rb8 43. Qd4 (43. Qc7 Ra8 44. Rc1 Qb8 45. Qxb8 Rxb8 $18) 43... Qd8 {[%emt 0:00:48] [#]} 44. a6 Qa5 45. Rc1 Rb4 46. Qd2 Bc8 (46... Ra4 $142 47. Kc2 (47. Qxf4 Ra1+ 48. Kc2 Ba4+ 49. b3 Bxb3+ {[%mdl 64] Decoy} 50. Kxb3 Ra3+ 51. Kc2 Qxc3+ 52. Kd1 Qd4+ 53. Qd2 Qg1+ 54. Qe1 Qd4+ 55. Qd2 Qg1+ 56. Qe1 Qd4+ 57. Qd2 $11) 47... Ra2) 47. Na2 ({Less strong is} 47. Qxf4 Bxa6 48. Qd2 Bxe2 {[%mdl 64] Remove Defender} 49. Nxe2 (49. Qxe2 Nc4 $11) 49... Nxf3 $16) 47... Nxf3 48. Bxf3 {[%emt 0:01:20] Never resign too early!   Weighted Error Value: White=0.57/Black=0.56} 1-0